 Dungeon Crawl Stone Soup version 0.29.0-13-gc9e81de378 (webtiles) character file.

Game seed: 709387419318817566

32 SnakkuSnakku7 the Chopper (level 3, 0/31 HPs)
             Began as a Meteoran Berserker on Sept 8, 2022.
             Was a Believer of Trog.
             Slain by an adder (4 damage)
             ... on level 3 of the Dungeon.
             The game lasted 00:02:25 (458 turns).

SnakkuSnakku7 the Chopper (Meteoran Berserker)       Turns: 458, Time: 00:02:26

Health: 0/31       AC:  5    Str: 21    XL:     3   Next: 64%
Magic:  4/4        EV: 11    Int:  8    God:    Trog [**....]
Gold:   32         SH:  0    Dex: 13    Spells: 2/2 levels left

rFire   . . .      SeeInvis .   a - +0 hand axe
rCold   . . .      Faith    .   (no shield)
rNeg    . . .      Spirit   .   g - +0 ring mail
rPois   .          Reflect  .   (no helmet)
rElec   .          Harm     .   (no cloak)
rCorr   .          Rampage  .   (no gloves)
Will    .....                   (no boots)
Stlth   +.........              (no amulet)
HPRegen 0.10/turn               (no ring)
MPRegen 0.09/turn               (no ring)

@: lethally poisoned (0 -> -1), glowing
A: sense surroundings 1, otherworldly, glowing, explore regen
a: Renounce Religion, Berserk, Trog's Hand


You were on level 3 of the Dungeon.
You worshipped Trog.
Trog was pleased with you.
You visited 1 branch of the dungeon, and saw 3 of its levels.

You collected 32 gold pieces.

Inventory:

Hand Weapons
 a - a +0 hand axe (weapon)
Missiles
 h - 5 poisoned darts (quivered)
Armour
 b - a +0 animal skin
 g - a +0 ring mail (worn)
Scrolls
 c - a scroll of teleportation {unknown}
 d - a scroll of identify {unknown}
 f - 2 scrolls of blinking {unknown}
 j - a scroll of brand weapon {unknown}
Potions
 e - a potion of brilliance {unknown}
 i - a potion of attraction {unknown}
 k - a potion of haste {unknown}
 l - a potion of curing {unknown}


   Skills:
 - Level 3.2 Fighting
 + Level 5.1 Axes
 + Level 0.5 Throwing
 - Level 2.4 Armour
 - Level 2.4 Dodging


You had 2 spell levels left.
You didn't know any spells.
Your spell library was empty.

Dungeon Overview and Level Annotations

Branches:
Dungeon (3/15) Zot: 1334

Altars:


Innate Abilities, Weirdness & Mutations

You passively map a small area around you.
You are easily found by Zot.
You glow in the dark.
You regain HP and MP as you explore.


Message History

The adder closely misses you. x2
You miss the adder.
The adder is heavily wounded.
The adder bites you but does no damage.
You barely miss the adder.
The adder is heavily wounded.
The adder bites you.
You hit the adder but do no damage.
The adder is heavily wounded.
The adder bites you but does no damage. x2
You hit the adder but do no damage.
The adder is heavily wounded.
The adder bites you but does no damage.
You hit the adder.
The adder is heavily wounded.
The adder closely misses you. The adder bites you but does no damage.
You hit the adder.
The adder is almost dead.
The adder misses you.
You barely miss the adder.
The adder is almost dead.
The adder bites you but does no damage.
You closely miss the adder.
The adder is almost dead.
The adder bites you but does no damage. The adder bites you.
You closely miss the adder.
The adder is almost dead.
The adder bites you.
* * * LOW HITPOINT WARNING * * *
You are poisoned.
The adder poisons you!
You miss the adder.
The adder is almost dead.
You feel sick. The adder closely misses you.
You hit the adder but do no damage.
The adder is almost dead.
You feel sick. The adder bites you.
* * * LOW HITPOINT WARNING * * *
The adder bites you.
You die...

, * , , , * * ,
, , *, ,* * *,
* * * ## * # ,
.#####. ,,... ,
*
..?...S###.....
, ......†@....#
, * * *
###########$#,
, , * * *, * ,
* * * *


You could see an adder.

Vanquished Creatures
  A dart slug (D:1)
  6 bats
  2 endoplasms
  A giant cockroach (D:2)
  A goblin (D:1)
  2 hobgoblins
  6 jackals (D:1)
  4 kobolds
  A quokka (D:2)
  2 rats
26 creatures vanquished.

Notes
Turn   | Place    | Note
-------+----------+-------------------------------------------
     0 | D:1      | SnakkuSnakku7 the Meteoran Berserker began the quest for
                  | the Orb.
     0 | D:1      | Reached XP level 1. HP: 19/19 MP: 2/2
    31 | D:1      | Reached skill level 4 in Axes
    38 | D:1      | Reached XP level 2. HP: 15/26 MP: 3/3
   208 | D:1      | Reached XP level 3. HP: 30/31 MP: 4/4
   319 | D:2      | Reached ** piety under Trog
   327 | D:1      | Reached skill level 5 in Axes
   458 | D:3      | Slain by an adder

Illustrated notes

Levels and vault maps discovered:
D:1:      minmay_arrival_loop, layout_loops_corners,
          ebering_ecumenical_altar_sacrificial
D:2:      layout_loops_cross
D:3:      layout_loops_ring, minivault_5

Skill      XL: |  1  2  3 |
---------------+----------+-----
Axes           | 4 5 |  5.1
Fighting       | |  3.2
Throwing       | |  0.5
Armour         | |  2.4
Dodging        | |  2.4

Action                   || total
-------------------------++-------
Melee: Hand axe          ||   115
Armor: Animal skin       ||    18
       Ring mail         ||    36
Dodge: Dodged            ||    57
